 Dungeon Crawl Stone Soup version 0.25.1-8-g42b30a86e7 (webtiles) character file.

Game seed: 14706972948622727214

152 growler the Ruffian (level 5, -1/40 HPs)
             Began as a Draconian Transmuter on Dec 15, 2020.
             Hit by a silver javelin thrown by a gnoll (10 damage)
             ... on level 3 of the Dungeon.
             The game lasted 00:04:34 (2987 turns).

growler the Ruffian (Draconian Transmuter)          Turns: 2987, Time: 00:04:34

Health: -1/40      AC:  2    Str: 13    XL:     5   Next: 11%
Magic:  7/9        EV: 19    Int: 13    God:
Gold:   114        SH:  0    Dex: 17    Spells: 4/10 levels left

rFire    . . .     SeeInvis .     - Unarmed
rCold    . . .     Gourm    .   (shield currently unavailable)
rNeg     . . .     Faith    .   (armour unavailable)
rPois    x         Spirit   .   (helmet currently unavailable)
rElec    .         Reflect  .   (cloak currently unavailable)
rCorr    .         Harm     .   (gloves currently unavailable)
MR       .....                  (boots currently unavailable)
Stlth    ++........             (no amulet)
HPRegen  0.13/turn              (no ring)
MPRegen  0.11/turn              (no ring)

@: spider-form (expiring)
A: tiny, unfitting armour, AC +5
a: End Transformation


You were on level 3 of the Dungeon.
You were not hungry.
You were a venomous arachnid creature.
You visited 1 branch of the dungeon, and saw 3 of its levels.

You collected 114 gold pieces.

Inventory:

Missiles
 a - 40 arrows
 d - 21 poisoned darts (quivered)
Scrolls
 b - a scroll of enchant armour {unknown}
 g - 2 scrolls of identify {unknown}
 h - a scroll of fear {unknown}
 i - a scroll of noise {unknown}
 j - 2 scrolls of teleportation {unknown}
 k - a scroll of immolation {unknown}
 l - 2 scrolls of remove curse {@r2}
 m - 2 scrolls of amnesia {unknown}
Potions
 c - 3 potions of lignification {unknown}
 n - a potion of degeneration {unknown}
 o - 2 potions of haste {unknown}
Comestibles
 e - 5 rations {!d}
 f - a chunk of flesh


   Skills:
 - Level 1.1 Fighting
 - Level 1.7 Dodging
 + Level 4.0 Unarmed Combat
 - Level 3.0 Spellcasting
 + Level 3.2 Transmutations
 + Level 1.6 Poison Magic


You had 4 spell levels left.
You knew the following spells:

 Your Spells              Type           Power        Failure   Level  Hunger
a - Beastly Appendage     Tmut           ##....       17%         1    #......
s - Sticks to Snakes      Tmut           ##......     22%         2    ###....
x - Spider Form           Tmut/Pois      #.........   47%         3    ###....

Your spell library contained the following spells:

 Spells                   Type           Power        Failure   Level  Hunger
 Ice Form                 Ice/Tmut       #.......     89%         4    #####..
 Blade Hands              Tmut           ##........   95%         5    ######.


Dungeon Overview and Level Annotations

Branches:
Dungeon (3/15)

Altars:


Innate Abilities, Weirdness & Mutations

((Your plain brown scales are hard. (AC +5)))
You cannot fit into any form of body armour.
((You are cold-blooded and may be slowed by cold attacks.))


Message History

You hit the ooze but do no damage. The ooze closely misses you.
You hit the ooze. The ooze hits you.
You punch the ooze!
You kill the ooze!
You have reached level 5!
A hobgoblin and a gnoll come into view.
The gnoll shouts!
A gnoll comes into view. It is wielding a +0 whip.
A gnoll comes into view.
It is wielding a +0 flail and quivering 5 silver javelins.
Casting: Sticks to Snakes (safe; 10% risk of failure)
The spell is quite dangerous to cast (26% risk of failure)!
Continue anyway? [Y]es or [N]o only, please.
The spell is quite dangerous to cast (26% risk of failure)!
Continue anyway? [Y]es or [N]o only, please.
The spell is quite dangerous to cast (26% risk of failure)!
Continue anyway? [Y]es or [N]o only, please.
The spell is quite dangerous to cast (26% risk of failure)!
Continue anyway? [Y]es or [N]o only, please.
The spell is quite dangerous to cast (26% risk of failure)!
Continue anyway? [Y]es or [N]o only, please.
The spell is quite dangerous to cast (26% risk of failure)!
Continue anyway? [Y]es or [N]o only, please.
The spell is quite dangerous to cast (26% risk of failure)!
Continue anyway?
Okay, then.
The spell is quite dangerous to cast (26% risk of failure)!
Continue anyway?
You turn into a venomous arachnid creature.
The hobgoblin closely misses you.
You barely miss the hobgoblin. The hobgoblin barely misses you.
You hit the hobgoblin.
The hobgoblin is poisoned.
The hobgoblin misses you.
The gnoll shouts!
You hit the hobgoblin.
You kill the hobgoblin!
The gnoll hits you from afar with a cursed -1 spear.
The gnoll misses you.
Things that are here:
a +0 club; a hobgoblin corpse You bite the gnoll!
The gnoll is poisoned.
Your transformation is almost over.
The gnoll barely misses you.
You hit the gnoll.
You kill the gnoll!
The gnoll shouts!
The gnoll hits you with a +0 whip!
Things that are here:
a cursed -1 spear; a gnoll corpse You hit the gnoll.
The gnoll hits you with a +0 whip.
The gnoll throws a silver javelin.
The silver javelin pierces through you!
* * * LOW HITPOINT WARNING * * *
The silver sears you!
You die...

#.. #.# ... . #.# #..
. #.# #g#.# #.## ..#.#
# #..# #.#.#.###
######.#
#####.................
#.....g.# #######.#
###.###s###.# ##.#
#......)....# #...
#.#.###.##### #..#
#.#############..#
#.............>...
###############..#
#... #.## #.#.


You could see 2 gnolls.

Vanquished Creatures
  An orc priest (D:3)
  An orc wizard (D:3)
  2 adders (D:3)
  2 gnolls (D:3)
  An ooze (D:3)
  A worm (D:3)
  A dart slug (D:2)
  3 leopard geckos
  3 orcs (D:3)
  3 giant cockroaches
  6 goblins
  5 hobgoblins
  3 kobolds
  A quokka (D:2)
  7 bats
  6 frilled lizards
  4 rats
50 creatures vanquished.

Vanquished Creatures (collateral kills)
  A worm (D:2)
1 creature vanquished.

Vanquished Creatures (others)
  2 fungi (D:3)
2 creatures vanquished.

Grand Total: 53 creatures vanquished

Notes
Turn   | Place    | Note
-------+----------+-------------------------------------------
     0 | D:1      | growler the Draconian Transmuter began the quest for the
                  | Orb.
     0 | D:1      | Reached XP level 1. HP: 16/16 MP: 3/3
   378 | D:1      | Reached XP level 2. HP: 23/23 MP: 5/5
   998 | D:2      | Learned a level 2 spell: Sticks to Snakes
  1196 | D:2      | Reached XP level 3. HP: 28/28 MP: 6/6
  1535 | D:2      | Learned a level 3 spell: Spider Form
  2232 | D:3      | Reached skill level 1 in Poison Magic
  2232 | D:3      | Reached XP level 4. HP: 23/35 MP: 1/8
  2795 | D:3      | Reached skill level 4 in Unarmed Combat
  2967 | D:3      | Reached XP level 5. HP: 39/40 MP: 9/9
  2987 | D:3      | Hit by a silver javelin thrown by a gnoll

Illustrated notes

Levels and vault maps discovered:
D:1:      onia_arrival_pyramid, layout_basic, minmay_nonomino_d4
D:2:      layout_basic, hex_tiny
D:3:      layout_loops_ring, first_ration, dk_noncrumbling_2,
          small_statue_intersection, elyvilon_altar_1

Skill      XL: |  1  2  3  4 |
---------------+-------------+-----
Poison Magic   | 1 |  1.6
Transmutations | 3 |  3.2
Spellcasting   | 3 |  3.0
Unarmed Combat | 4 |  4.0
Fighting       | |  1.1
Dodging        | |  1.7

Action                   |  1- 3 |  4- 6 || total
-------------------------+-------+-------++-------
Melee: Unarmed           |   173 |    31 ||   204
       Tailslap          |    11 |     1 ||    12
       Punch             |     5 |       ||     5
       Kick              |     5 |     2 ||     7
 Cast: Beastly Appendage |     3 |     1 ||     4
       Sticks to Snakes  |     1 |     1 ||     2
       Spider Form       |     1 |     2 ||     3
  Use: Scroll            |     1 |       ||     1
 Stab: Sleeping          |     2 |       ||     2
  Eat: Chunk             |     4 |       ||     4
       Ration            |       |     1 ||     1
Armor: Skin              |    53 |     6 ||    59
Dodge: Dodged            |   117 |    12 ||   129
